 Dungeon Crawl Stone Soup version 0.30-a0-358-g0d69a1922f (webtiles) character file.

Game seed: 1234851788000594309

81 Pooter the Vexing (level 4, 0/38 HPs)
             Began as a Gnoll Wanderer on Nov 9, 2022.
             Was a Believer of Fedhas.
             Slain by a water moccasin (7 damage)
             ... in a sewer.
             The game lasted 00:12:31 (2414 turns).

Pooter the Vexing (Gnoll Wanderer)                  Turns: 2414, Time: 00:12:32

Health: 0/38       AC: 11    Str: 13    XL:     4   Next: 42%
Magic:  6/8        EV: 11    Int: 15    God:    Fedhas [**....]
Gold:   75         SH:  0    Dex:  8    Spells: 5/9 levels left

rFire   . . .      SeeInvis .    a - +1 short sword (protect)
rCold   . . .      Faith    .    (no shield)
rNeg    . . .      Spirit   .    c - +0 leather armour
rPois   .          Reflect  .    (no helmet)
rElec   .          Harm     .    (no cloak)
rCorr   .          Rampage  .    p - +0 pair of gloves
Will    .....                    (no boots)
Stlth   ++........               (no amulet)
HPRegen 0.26/turn                (no ring)
MPRegen 0.11/turn                (no ring)

@: lethally poisoned (0 -> -2), under a protective aura
A: fangs 1, strong nose, distributed training
a: Renounce Religion, Wall of Briars


You were in a sewer.
You worshipped Fedhas.
Fedhas was pleased with you.
You visited 1 branch of the dungeon, and saw 3 of its levels.
You also visited: Sewer.

You collected 75 gold pieces.

Inventory:

Hand Weapons
 a - a +1 short sword of protection (weapon)
 b - a +0 sling
   (You took it off a goblin on level 3 of the Dungeon)
 n - a +0 hand axe
   (You found it on level 1 of the Dungeon)
 q - a +0 falchion
   (You found it on level 2 of the Dungeon)
Missiles
 j - a poisoned dart (quivered)
 Q - 24 stones
Armour
 c - a +0 leather armour (worn)
 p - a +0 pair of gloves (worn)
   (You found it on level 2 of the Dungeon)
 v - a +1 chain mail of poison resistance
   (You found it on level 3 of the Dungeon)
Scrolls
 e - a scroll of magic mapping {unknown}
 f - 3 scrolls of enchant armour
 i - a scroll of identify {@r1}
 k - a scroll of amnesia
 r - 3 scrolls of vulnerability {unknown}
 t - a scroll of teleportation {@r4}
 w - a scroll of blinking
Potions
 d - a potion of curing {@q1}
 g - a potion of berserk rage {unknown}
 h - 2 potions of heal wounds {unknown}
 l - 3 potions of degeneration {unknown}
 m - a potion of mutation {unknown}
 o - a potion of haste {@q3}
 s - 2 potions of lignification {unknown}
 u - a potion of magic {unknown}


   Skills:
 + Level 4.6 Fighting
 + Level 2.8 Short Blades
 + Level 1.2 Long Blades
 + Level 1.2 Axes
 + Level 1.2 Maces & Flails
 + Level 1.2 Polearms
 + Level 1.2 Staves
 + Level 1.2 Ranged Weapons
 + Level 1.2 Throwing
 + Level 1.2 Armour
 + Level 2.8 Dodging
 + Level 4.3 Stealth
 + Level 1.2 Shields
 + Level 1.2 Unarmed Combat
 + Level 3.0 Spellcasting
 + Level 1.0 Conjurations
 + Level 5.5 Hexes
 + Level 1.0 Summonings
 + Level 1.0 Necromancy
 + Level 1.0 Translocations
 + Level 1.0 Transmutations
 + Level 1.0 Fire Magic
 + Level 1.0 Ice Magic
 + Level 1.0 Air Magic
 + Level 1.0 Earth Magic
 + Level 1.0 Poison Magic
 + Level 1.3 Invocations
 + Level 1.2 Evocations


You had 5 spell levels left.
You knew the following spells:

 Your Spells              Type           Power      Damage    Failure   Level
a - Slow                  Hex            72%        N/A       2%          1
b - Portal Projectile     Hex/Tloc       24%        N/A       21%         3

Your spell library contained the following spells:

 Spells                   Type           Power      Damage    Failure   Level
 Sting                    Tmut/Pois      20%        1d4       17%         1
 Poisonous Vapours        Pois/Air       10%        N/A       26%         2
 Anguish                  Hex/Necr       6%         N/A       54%         4
 Olgreb's Toxic Radiance  Pois           5%         N/A       86%         4


Dungeon Overview and Level Annotations

Branches:
Dungeon (3/15)              Sewer (1/1)

Altars:
Fedhas


Innate Abilities, Weirdness & Mutations

You have very sharp teeth.
Your uncanny sense of smell can sniff out nearby items.
Your experience applies equally to all skills.


Message History

The water moccasin bites you.
You shoot a sling bullet.
The sling bullet barely misses the water moccasin.
The water moccasin bites you but does no damage. x2
Your +1 short sword of protection hums with potential!
a - a +1 short sword of protection (weapon)
You barely miss the water moccasin. The water moccasin bites you.
You hit the water moccasin but do no damage.
Your weapon exudes an aura of protection.
The water moccasin closely misses you.
You hit the water moccasin. The water moccasin barely misses you.
You hit the water moccasin. You barely miss the water moccasin.
The water moccasin bites you.
You are poisoned.
The water moccasin poisons you!
You closely miss the water moccasin.
You feel very sick. The water moccasin closely misses you.
You miss the water moccasin.
You feel sick. The water moccasin bites you.
You miss the water moccasin.
You feel very sick. The water moccasin misses you.
You are too injured to fight recklessly!
You are too injured to fight recklessly!
You are too injured to fight recklessly!
You hit the water moccasin. Your punch misses the water moccasin.
You feel sick. The water moccasin bites you.
* * * LOW HITPOINT WARNING * * *
You hit the water moccasin. Your bite misses the water moccasin.
You feel sick.
Unknown command.
You hit the water moccasin but do no damage.
You feel sick.
The water moccasin is no longer moving slowly.
The water moccasin closely misses you.
Unknown command.
You closely miss the water moccasin.
You feel sick. The water moccasin bites you.
* * * LOW HITPOINT WARNING * * *
The water moccasin bites you but does no damage.
You barely miss the water moccasin.
You feel sick.
The water moccasin completely misses you.
Unknown command.
You barely miss the water moccasin.
You bite the water moccasin, but do no damage.
You feel sick. The water moccasin closely misses you.
Unknown command.
You completely miss the water moccasin.
You feel sick. The water moccasin bites you!
You die...
Fedhas appreciates your contribution to the ecosystem.

..(.. ... ... ...
####### #.#
##.....## #!#
#...≈...## #S#
...≈≈≈...#######@#
∩÷≈≈≈≈≈..........#
...≈≈≈...#######.#
#...≈...## #.#
##.....## #.#
####### #†# #.#
#.# #∩#


You could see a water moccasin.

Vanquished Creatures
  3 adders
  A dart slug (D:1)
  A ball python (D:1)
  6 bats
  3 endoplasms
  3 giant cockroaches
  4 hobgoblins
  7 jackals (D:1)
  5 kobolds
  2 quokkas
  2 frilled lizards (D:1)
  4 goblins
  5 rats
46 creatures vanquished.

Notes
Turn   | Place    | Note
-------+----------+-------------------------------------------
     0 | D:1      | Pooter the Gnoll Wanderer began the quest for the Orb.
     0 | D:1      | Pooter set off with the following items: a +1 short sword,
                  | a scroll of blinking, a +0 leather armour; and the
                  | following spell memorised: Slow; and the following spells
                  | available to memorise: Portal Projectile, Anguish.
     0 | D:1      | Reached XP level 1. HP: 20/20 MP: 4/4
    61 | D:1      | Reached XP level 2. HP: 22/26 MP: 5/5
    79 | D:1      | Found a faded altar of an unknown god.
    87 | D:1      | Prayed at the altar of an unknown god.
    87 | D:1      | Became a worshipper of Fedhas Madash
    87 | D:1      | Reached * piety under Fedhas
   378 | D:1      | Reached XP level 3. HP: 31/31 MP: 7/7
   384 | D:1      | Learned a level 3 spell: Portal Projectile
  1148 | D:2      | Reached skill level 1 in Invocations
  1435 | D:2      | Reached skill level 1 in Long Blades
  1435 | D:2      | Reached skill level 1 in Axes
  1435 | D:2      | Reached skill level 1 in Maces & Flails
  1435 | D:2      | Reached skill level 1 in Polearms
  1435 | D:2      | Reached skill level 1 in Staves
  1435 | D:2      | Reached skill level 1 in Ranged Weapons
  1435 | D:2      | Reached skill level 1 in Throwing
  1435 | D:2      | Reached skill level 1 in Armour
  1435 | D:2      | Reached skill level 1 in Shields
  1435 | D:2      | Reached skill level 1 in Unarmed Combat
  1435 | D:2      | Reached skill level 1 in Evocations
  1648 | D:2      | Reached ** piety under Fedhas
  2078 | D:3      | Reached XP level 4. HP: 38/38 MP: 8/8
  2118 | D:3      | Found a glowing drain.
  2142 | D:3      | Reached skill level 1 in Conjurations
  2142 | D:3      | Reached skill level 1 in Summonings
  2142 | D:3      | Reached skill level 1 in Necromancy
  2142 | D:3      | Reached skill level 1 in Translocations
  2142 | D:3      | Reached skill level 1 in Transmutations
  2142 | D:3      | Reached skill level 1 in Fire Magic
  2142 | D:3      | Reached skill level 1 in Ice Magic
  2142 | D:3      | Reached skill level 1 in Air Magic
  2142 | D:3      | Reached skill level 1 in Earth Magic
  2142 | D:3      | Reached skill level 1 in Poison Magic
  2144 | Sewer    | Entered a sewer
  2389 | Sewer    | Noticed a water moccasin
  2414 | Sewer    | Slain by a water moccasin

Illustrated notes

Levels and vault maps discovered:
D:1:      minmay_arrival_checkered_box, layout_basic,
          ebering_ecumenical_altar_ruins
D:2:      layout_loops_corners
D:3:      layout_loops_corners, overflow_temple_1_default,
          gup_sewer_entry_bubbles
Sewer:    sewer_big_baddie

Skill      XL: |  1  2  3  4 |
---------------+-------------+-----
Invocations    | 1 |  1.3
Long Blades    | 1 |  1.2
Axes           | 1 |  1.2
Maces & Flails | 1 |  1.2
Polearms       | 1 |  1.2
Staves         | 1 |  1.2
Ranged Weapons | 1 |  1.2
Throwing       | 1 |  1.2
Armour         | 1 |  1.2
Shields        | 1 |  1.2
Unarmed Combat | 1 |  1.2
Evocations     | 1 |  1.2
Spellcasting   | 3 |  3.0
Conjurations   | 1 |  1.0
Summonings     | 1 |  1.0
Necromancy     | 1 |  1.0
Translocations | 1 |  1.0
Transmutations | 1 |  1.0
Fire Magic     | 1 |  1.0
Ice Magic      | 1 |  1.0
Air Magic      | 1 |  1.0
Earth Magic    | 1 |  1.0
Poison Magic   | 1 |  1.0
Fighting       | |  4.6
Short Blades   | |  2.8
Dodging        | |  2.8
Stealth        | |  4.3
Hexes          | |  5.5

Action                   |  1- 3 |  4- 6 || total
-------------------------+-------+-------++-------
Melee: Short sword       |   184 |    64 ||   248
       Bite              |    13 |     5 ||    18
       Punch             |     1 |       ||     1
 Fire: Sling             |     6 |     3 ||     9
Throw: Dart              |     2 |     3 ||     5
 Cast: Slow              |     5 |     7 ||    12
  Use: Scroll            |     5 |       ||     5
       Potion            |       |     1 ||     1
 Stab: Distracted        |     3 |       ||     3
       Sleeping          |     2 |       ||     2
Armor: Leather armour    |    69 |    47 ||   116
Dodge: Dodged            |   122 |    38 ||   160

Table legend: (Time is in decaauts)
 A = Elapsed time spent in this place.
 B = Non-inter-level travel time spent in this place.
 C = Inter-level travel time spent in this place.
 D = Time resting spent in this place.
 E = Time spent auto-exploring this place.
 F = Levels seen in this place.
 G = Mean time per level.
                   A        B        C        D        E       F      G
               +--------+--------+--------+--------+--------+-----+--------+
         Total |   2394 |   2338 |     56 |    412 |   1244 |   4 |  598.5 |
       Dungeon |   2128 |   2072 |     56 |    199 |   1226 |   3 |  709.3 |
         Sewer |    266 |    266 |      0 |    213 |     18 |   1 |  266.0 |
               +--------+--------+--------+--------+--------+-----+--------+

Top non-repeatable levels by time:
     D:2: 1006 daAuts
     D:1: 761 daAuts
     D:3: 360 daAuts
   Sewer: 266 daAuts
